 Dungeon Crawl Stone Soup version 0.30-a0-782-ge64f9170bb (webtiles) character file.

Game seed: 11057016143480991124

56 Leeroy the Slasher (level 3, -1/27 HPs)
             Began as a Merfolk Gladiator on Feb 21, 2023.
             Was a Follower of Wu Jian.
             Slain by a worm (3 damage)
             ... on level 2 of the Dungeon.
             The game lasted 00:01:12 (1599 turns).

Leeroy the Slasher (Merfolk Gladiator)              Turns: 1599, Time: 00:01:13

Health: -1/27      AC:  4    Str: 14    XL:     3   Next: 95%
Magic:  3/3        EV: 13    Int:  7    God:    Wu Jian [*.....]
Gold:   47         SH:  0    Dex: 17    Spells: 2/2 levels left

rFire   . . .      SeeInvis .    a - +0 long sword
rCold   . . .      Faith    .    (no shield)
rNeg    . . .      Spirit   .    b - +0 leather armour
rPois   .          Reflect  .    c - +0 helmet
rElec   .          Harm     .    (no cloak)
rCorr   .          Rampage  .    (no gloves)
Will    .....                    (no boots)
Stlth   +                        (no amulet)
HPRegen 0.24/turn                (no ring)
MPRegen 0.08/turn                (no ring)

@: no status effects
A: (nimble swimmer 2), mertail
a: Renounce Religion


You were on level 2 of the Dungeon.
You worshipped Wu Jian.
Wu Jian was aware of your devotion.
You visited 1 branch of the dungeon, and saw 2 of its levels.

You collected 47 gold pieces.

Inventory:

Hand Weapons
 a - a +0 long sword (weapon)
Missiles
 d - 3 throwing nets (quivered)
 e - 7 javelins
Armour
 b - a +0 leather armour (worn)
 c - a +0 helmet (worn)
Scrolls
 g - a scroll of enchant weapon {unknown}
 i - a scroll of brand weapon {unknown}
 k - a scroll of magic mapping {unknown}
 l - a scroll of teleportation {unknown}
 n - 3 scrolls of identify {unknown}
 p - a scroll of acquirement {unknown}
 q - a scroll of fog {unknown}
 r - a scroll of immolation {unknown}
 t - a scroll of vulnerability {unknown}
Potions
 f - a potion of attraction {unknown}
 h - a potion of might {unknown}
 j - 2 potions of heal wounds {unknown}
 m - a potion of resistance {unknown}
 o - a potion of lignification {unknown}
 s - a potion of magic {unknown}
 u - 3 potions of curing {unknown}


   Skills:
 - Level 2.1 Fighting
 + Level 5.7 Long Blades
 - Level 2.0 Throwing
 - Level 4.0 Dodging


You had 2 spell levels left.
You didn't know any spells.
Your spell library contained the following spells:

 Spells                   Type           Power      Damage    Failure   Level
 Magic Dart               Conj           0%         1d3       52%         1
 Call Imp                 Summ           0%         N/A       65%         2
 Ignite Poison            Fire/Tmut/Pois 0%         N/A       87%         3
 Kindle Blastsparks       Fire/Tloc/Air  0%         2d10      87%         3
 Mephitic Cloud           Conj/Pois/Air  0%         N/A       87%         3
 Freezing Cloud           Conj/Ice/Air   0%         6-21      100%        5


Dungeon Overview and Level Annotations

Branches:
Dungeon (2/15)

Altars:
Wu Jian
Yredelemnul


Innate Abilities, Weirdness & Mutations

((You are very nimble when in or above water. (Stealth+, EV+, Speed+++)))
Your lower body shifts to a powerful aquatic tail in water.


Message History

You feel sick. The adder bites you. The adder barely misses you.
You hit the adder.
The adder is severely wounded.
You feel sick. The adder bites you but does no damage.
You closely miss the adder.
The adder is severely wounded.
You feel sick. The adder misses you. The adder bites you but does no damage.
You miss the adder.
The adder is severely wounded.
You feel sick. The adder barely misses you.
You closely miss the adder.
The adder is severely wounded.
You feel sick.
The adder bites you but does no damage. x2
You slash the adder!
You kill the adder!
The Council accepts your kill.
You feel sick.
You are no longer poisoned.
You hit the worm but do no damage. You hit the worm.
The worm is moderately wounded.
The worm closely misses you.
You hit the worm.
The worm is moderately wounded.
The worm closely misses you.
You hit the worm but do no damage.
The worm is moderately wounded.
You barely miss the worm.
The worm is moderately wounded.
The worm bites you.
You barely miss the worm.
The worm is lightly wounded.
The worm bites you!
* * * LOW HITPOINT WARNING * * *
You hit the worm.
The worm is moderately wounded.
You slash the worm!
The worm is severely wounded.
The worm bites you.
You die...

.###.##.#...)....#
.# #.##.#.##.###.#
.# #.##.#......#.#
.###.##.#.######.#
...#.#.........#.#
...#.#.##.####.#.#
...#.#....# #K#.#
...#.###### #.#.#
...#.# #.#@#
...#.# ..#w#
...#.# #.#.#
.###.# ###.#
.....### #.#
.......# #.#
.......# ..#
.......# #.#
.......#


You could see a worm.

Vanquished Creatures
  An adder (D:2)
  3 worms (D:2)
  3 ball pythons (D:1)
  6 endoplasms
  2 giant cockroaches
  A goblin (D:1)
  4 hobgoblins
  2 kobolds (D:2)
  3 quokkas (D:1)
  4 bats
  5 frilled lizards
34 creatures vanquished.

Notes
Turn   | Place    | Note
-------+----------+-------------------------------------------
     0 | D:1      | Leeroy the Merfolk Gladiator began the quest for the Orb.
     0 | D:1      | Reached XP level 1. HP: 16/16 MP: 1/1
   121 | D:1      | Reached skill level 4 in Long Blades
   274 | D:1      | Reached XP level 2. HP: 17/22 MP: 2/2
   636 | D:1      | Found a faded altar of an unknown god.
   649 | D:1      | Prayed at the altar of an unknown god.
   649 | D:1      | Became a worshipper of the Wu Jian Council
   649 | D:1      | Reached * piety under Wu Jian
   898 | D:2      | Reached XP level 3. HP: 27/27 MP: 3/3
   905 | D:2      | Reached skill level 5 in Long Blades
  1478 | D:2      | Found a basalt altar of Yredelemnul.
  1599 | D:2      | Slain by a worm

Illustrated notes

Levels and vault maps discovered:
D:1:      psy_arrival_whirlpool, layout_basic, ebering_ecumenical_altar_box
D:2:      layout_basic, basic_altar

Skill      XL: |  1  2  3 |
---------------+----------+-----
Long Blades    | 4 5 |  5.7
Fighting       | |  2.1
Throwing       | |  2.0
Dodging        | |  4.0

Action                     || total
---------------------------++-------
  Melee: Long sword        ||    88
Ability: Lunge             ||     5
   Stab: Sleeping          ||     1
 Armour: Leather armour    ||    26
  Dodge: Dodged            ||    49

Table legend: (Time is in decaauts)
 A = Elapsed time spent in this place.
 B = Non-inter-level travel time spent in this place.
 C = Inter-level travel time spent in this place.
 D = Time resting spent in this place.
 E = Time spent auto-exploring this place.
 F = Levels seen in this place.
 G = Mean time per level.
                   A        B        C        D        E       F      G
               +--------+--------+--------+--------+--------+-----+--------+
         Total |   1605 |   1565 |     40 |      0 |   1337 |   2 |  802.5 |
       Dungeon |   1605 |   1565 |     40 |      0 |   1337 |   2 |  802.5 |
               +--------+--------+--------+--------+--------+-----+--------+

Top non-repeatable levels by time:
     D:1: 893 daAuts
     D:2: 712 daAuts
